 Dungeon Crawl Stone Soup version 0.16.2-12-gd0ad4c3 (webtiles) character file.

910 Burgundious the Slinger (level 8, -11/49 HPs)
             Began as a Halfling Hunter on Sept 13, 2015.
             Killed from afar by Pikel (18 damage)
             ... with a wand of draining
             ... on level 6 of the Dungeon.
             The game lasted 00:24:53 (5473 turns).

Burgundious the Slinger (Halfling Hunter)           Turns: 5473, Time: 00:24:54

Health: -11/49     AC:  7    Str: 12    XL:     8   Next: 30%
Magic:  8/8        EV: 14    Int: 10    God:
Gold:   271        SH:  0    Dex: 17    Spells: 0 memorised, 7 levels left

rFire  + . .     SeeInvis .     b - +1 hunting sling (flame)
rCold  . . .     Clarity  .     d - +0 leather armour
rNeg   . . .     SustAb   .     (no shield)
rPois  .         Gourm    .     (no helmet)
rElec  .         Spirit   .     w - +0 cloak
rCorr  .         Warding  .     (no gloves)
rMut   .         Stasis   .     (no boots)
MR     .....                    (no amulet)
Stlth  ++........               H - ring of protection from fire
                                A - +3 ring of protection

@: heavily drained, not resistant to hostile enchantments, unstealthy
A: mutation resistance 1
a: no special abilities


You were on level 6 of the Dungeon.
You were not hungry.

You visited 1 branch of the dungeon, and saw 6 of its levels.

You collected 271 gold pieces.

Inventory:

Hand weapons
 a - a +2 dagger of electrocution
 b - a +1 hunting sling of flaming (weapon)
 g - a +0 short sword
 l - a +0 short sword
 J - a +1 hunting sling
Missiles
 c - 83 sling bullets (quivered)
 e - 157 stones
 i - 15 exploding sling bullets
 s - 32 poisoned needles
 x - 6 tomahawks of dispersal
 E - 14 silver sling bullets
Armour
 d - a +0 leather armour (worn)
 w - a +0 cloak (worn)
Jewellery
 A - a +3 ring of protection (left hand)
 H - a ring of protection from fire (right hand)
Scrolls
 k - 5 scrolls of recharging {unknown}
 q - a scroll of enchant armour {unknown}
 r - 3 scrolls of amnesia {unknown}
 t - a scroll of magic mapping {unknown}
 v - 2 scrolls of teleportation {unknown}
 y - a scroll of noise {unknown}
 B - a scroll of fear {unknown}
 F - 2 scrolls of remove curse {unknown}
 G - a scroll of random uselessness {unknown}
 I - a scroll of blinking {unknown}
Potions
 h - a potion of brilliance
 j - a potion of haste {unknown}
 m - a potion of cure mutation {unknown}
 o - 3 potions of might
 p - a potion of restore abilities
 u - a potion of cancellation {unknown}
 z - a potion of magic {unknown}
 C - 3 potions of flight {unknown}
 D - a potion of poison {unknown}
 K - a potion of curing {unknown}
Comestibles
 f - 3 bread rations
 n - a beef jerky
 L - a chunk of flesh
 M - a meat ration


   Skills:
 - Level 1.7(0.0) Fighting
 - Level 4.3(2.2) Short Blades
 - Level 11.0(8.6) Slings
 + Level 4.1(2.1) Dodging
 - Level 4.0(1.9) Stealth


You had 7 spell levels left.
You didn't know any spells.

Dungeon Overview and Level Annotations

Branches:
Dungeon (6/15)
 Temple: D:4-7

Altars:
Dithmenos

Annotations:
D:6 Pikel


Innate Abilities, Weirdness & Mutations

You are small and have problems with some larger weapons.
You are somewhat resistant to further mutation.


Message History

Firing (i - inventory. (,) - cycle):
c - 86 sling bullets (quivered)
Press: ? - help, Shift-Dir - straight line, f/p - Pikel
Aim: Pikel, wielding a whip of flaming, wearing a robe and carrying a wand of draining {zapped: 2} (lightly wounded)
You shoot a sling bullet. The sling bullet closely misses Pikel.
The slave shouts!
Firing (i - inventory. (,) - cycle):
c - 85 sling bullets (quivered)
Press: ? - help, Shift-Dir - straight line, f/p - Pikel
Aim: Pikel, wielding a whip of flaming, wearing a robe and carrying a wand of draining {zapped: 2} (lightly wounded)
You shoot a sling bullet. The sling bullet closely misses Pikel.
Firing (i - inventory. (,) - cycle):
c - 84 sling bullets (quivered)
Press: ? - help, Shift-Dir - straight line, f/p - Pikel
Aim: Pikel, wielding a whip of flaming, wearing a robe and carrying a wand of draining {zapped: 2} (lightly wounded)
You shoot a sling bullet. The sling bullet closely misses Pikel.
Pikel zaps a wand.
The bolt of negative energy hits you!
You feel drained.
* * * LOW HITPOINT WARNING * * *
Pikel says, "You'll feel the lick of my whip!"
Pikel zaps a wand.
The bolt of negative energy hits you!
You feel drained.
* * * LOW HITPOINT WARNING * * *
Pikel zaps a wand.
The bolt of negative energy hits you!
You feel drained.
You die...

..................#
..................#
...............K..##
..............p.p..#
...................#
...................###
.....................#
...................###
................@...#
..........[[........#
....................#
....................#
....................#
...................##
...................#
..................##
..................#


You could see Pikel and 2 slaves.

Vanquished Creatures
  2 sky beasts
  A phantom (D:4)
  2 slaves (D:6)
  An ogre (D:5)
  The ghost of Burgundious the Firebug, an average DsFE (D:3)
  A scorpion (D:5)
  A crimson imp (D:5)
  A giant frog skeleton (D:4)
  Crazy Yiuf (D:2)
  An orc priest (D:5)
  An iguana (D:4)
  A hound (D:5)
  3 worker ants (D:4)
  9 gnolls
  A shadow imp (D:5)
  6 adders
  A giant mite (D:6)
  4 worms
  2 giant geckos
  13 orcs
  12 bats
  A bat skeleton (D:5)
  A bat zombie (D:5)
  4 giant cockroaches
  10 goblins
  10 hobgoblins
  3 jackals (D:4)
  A giant cockroach zombie (D:5)
  4 giant newts
  3 kobolds
  A quokka (D:5)
  10 rats
113 creatures vanquished.

Notes
Turn   | Place    | Note
--------------------------------------------------------------
     0 | D:1      | Burgundious, the Halfling Hunter, began the quest for the Orb.
     0 | D:1      | Reached XP level 1. HP: 14/14 MP: 1/1
    58 | D:1      | Reached skill level 6 in Slings
   240 | D:1      | Reached XP level 2. HP: 16/19 MP: 2/2
   829 | D:2      | Reached skill level 7 in Slings
   829 | D:2      | Reached XP level 3. HP: 24/24 MP: 3/3
  1090 | D:2      | Reached XP level 4. HP: 22/29 MP: 4/4
  1169 | D:2      | Noticed Crazy Yiuf
  1175 | D:2      | Killed Crazy Yiuf
  1175 | D:2      | Reached skill level 8 in Slings
  1254 | D:2      | Reached XP level 5. HP: 22/34 MP: 5/5
  2275 | D:3      | Noticed Burgundious' ghost (average DsFE)
  2299 | D:3      | Killed Burgundious' ghost
  2299 | D:3      | Reached XP level 6. HP: 25/39 MP: 6/6
  3269 | D:4      | Reached skill level 9 in Slings
  3269 | D:4      | Reached XP level 7. HP: 41/44 MP: 7/7
  3488 | D:4      | Reached skill level 1 in Short Blades
  3902 | D:5      | Entered Level 5 of the Dungeon
  4064 | D:5      | Found a shadowy altar of Dithmenos.
  4445 | D:5      | Reached skill level 10 in Slings
  4993 | D:5      | Reached XP level 8. HP: 27/49 MP: 8/8
  5161 | D:6      | Reached skill level 11 in Slings
  5251 | D:6      | Noticed Pikel
  5473 | D:6      | Killed from afar by Pikel

Action                   |  1- 3 |  4- 6 |  7- 9 || total
-------------------------+-------+-------+-------++-------
Melee: Short sword       |    24 |       |       ||    24
       Dagger            |    68 |    68 |   139 ||   275
 Fire: Hunting sling     |    20 |   131 |    82 ||   233
  Use: Potion            |       |     3 |       ||     3
 Stab: Sleeping          |     1 |     3 |     4 ||     8
  Eat: Chunk             |     1 |     6 |     7 ||    14
